TOP OF THE 1ST |
Victoria Capitals batting - Pitching for Oakland Oaks : RHP Victor Sanchez
|
Pitching: RHP Victor Sanchez
|
|
Batting: LHB Ryan Daniels
|
0-0: Swinging Strike 0-1: SOLO HOME RUN (Flyball, 9D, EV 103.8 MPH), Distance : 408 ft
|
Batting: RHB Victor Ramirez
|
0-0: SINGLE (Groundball, 6MD, EV 95.0 MPH)
|
Batting: LHB Jason Kinney
|
0-0: Foul Ball, location: 2F 0-1: Foul Ball, location: 2F 0-2: Fielders Choice at 2nd, 4-6 (Groundball, 4, EV 103.1 MPH)
|
Batting: RHB Jose Zuniga
|
0-0: Called Strike 0-1: Fly out, F9 (Flyball, 9D, EV 98.1 MPH)
|
Batting: LHB William Gonzales
|
0-0: Ball Jason Kinney steals 2nd base 1-0: Ball 2-0: Called Strike 2-1: Ball 3-1: Called Strike 3-2: Ground out 4-3 (Groundball, 4, EV 100.0 MPH)
|
Top of the 1st over - 1 run, 2 hits, 0 errors, 1 left on base; Victoria 1 - Oakland 0 |
BOTTOM OF THE 1ST |
Oakland Oaks batting - Pitching for Victoria Capitals : RHP Ron Skiles
|
Pitching: RHP Ron Skiles
|
|
Batting: RHB Chris Bohm
|
0-0: Ball 1-0: Fly out, F8 (Flyball, 8LXD, EV 84.4 MPH)
|
Batting: SHB Steve Salafia
|
0-0: Ball 1-0: Ball 2-0: Fly out, F7 (Line Drive, 78M, EV 88.1 MPH)
|
Batting: RHB Chris Temple
|
0-0: Ground out 4-3 (Groundball, 4, EV 105.6 MPH)
|
Bottom of the 1st over - 0 runs, 0 hits, 0 errors, 0 left on base; Victoria 1 - Oakland 0 |
TOP OF THE 2ND |
Victoria Capitals batting - Pitching for Oakland Oaks : RHP Victor Sanchez
|
Batting: RHB Ricky Ramirez
|
0-0: Called Strike 0-1: Ball 1-1: SINGLE (Line Drive, 9LS, EV 101.2 MPH)
|
Batting: RHB Eddie Luna
|
0-0: Called Strike 0-1: Ball 1-1: Ball 2-1: Swinging Strike 2-2: Strikes out looking
|
Batting: RHB Ziven Badersky
|
0-0: Ball 1-0: Called Strike 1-1: Foul Ball, location: 2F 1-2: Ball 2-2: Foul Ball, location: 2F 2-2: Strikes out swinging
|
Batting: RHB Joaquin Salazar
|
0-0: Called Strike Ricky Ramirez steals 2nd base 0-1: Called Strike 0-2: Strikes out swinging
|
Top of the 2nd over - 0 runs, 1 hit, 0 errors, 1 left on base; Victoria 1 - Oakland 0 |
BOTTOM OF THE 2ND |
Oakland Oaks batting - Pitching for Victoria Capitals : RHP Ron Skiles
|
Batting: LHB Felipe Gomez
|
0-0: Called Strike 0-1: Ground out 4-3 (Groundball, 4, EV 88.1 MPH)
|
Batting: LHB Ed Talamantes
|
0-0: Ball 1-0: Swinging Strike 1-1: Foul Ball, location: 2F 1-2: Strikes out swinging
|
Batting: LHB Marcus Pollard
|
0-0: Ball 1-0: Called Strike 1-1: Foul Ball, location: 2F 1-2: Strikes out swinging
|
Bottom of the 2nd over - 0 runs, 0 hits, 0 errors, 0 left on base; Victoria 1 - Oakland 0 |
TOP OF THE 3RD |
Victoria Capitals batting - Pitching for Oakland Oaks : RHP Victor Sanchez
|
Batting: LHB Ryan Daniels
|
0-0: Ball 1-0: Ball 2-0: Swinging Strike 2-1: Foul Ball, location: 2F 2-2: Strikes out swinging
|
Batting: RHB Victor Ramirez
|
0-0: Fly out, F9 (Flyball, 89S, EV 86.2 MPH)
|
Batting: LHB Jason Kinney
|
0-0: Ball 1-0: Ball 2-0: Called Strike 2-1: DOUBLE (Line Drive, 89XD, EV 101.9 MPH)
|
Batting: RHB Jose Zuniga
|
0-0: Ball 1-0: Foul Ball, location: 2F 1-1: Foul Ball, location: 2F 1-2: Foul Ball, location: 2F 1-2: SINGLE (Line Drive, 8RS, EV 96.9 MPH) Jason Kinney to third Runner from 3rd tries for Home, SAFE, throw by CF to home Jose Zuniga to second
|
Batting: LHB William Gonzales
|
0-0: Called Strike 0-1: Swinging Strike 0-2: Foul Ball, location: 2F 0-2: DOUBLE (Line Drive, 78D, EV 105.0 MPH) Jose Zuniga scores
|
Batting: RHB Ricky Ramirez
|
0-0: Fly out, F9 (Flyball, 9LSF, EV 98.1 MPH)
|
Top of the 3rd over - 2 runs, 3 hits, 0 errors, 1 left on base; Victoria 3 - Oakland 0 |
BOTTOM OF THE 3RD |
Oakland Oaks batting - Pitching for Victoria Capitals : RHP Ron Skiles
|
Batting: RHB Don Burt
|
0-0: Ball 1-0: Called Strike 1-1: Foul Ball, location: 2F 1-2: Ball 2-2: Foul Ball, location: 2F 2-2: Ball 3-2: Foul Ball, location: 2F 3-2: SINGLE (Line Drive, 89S, EV 98.8 MPH)
|
Batting: RHB Travis Robinson
|
0-0: Foul Ball, location: 2F 0-1: Called Strike 0-2: Ball 1-2: Foul Ball, location: 2F 1-2: Ball 2-2: Strikes out looking
|
Batting: RHB Tim Anderson
|
0-0: Foul Ball, location: 2F 0-1: Ball 1-1: DOUBLE (Line Drive, 78D, EV 103.1 MPH) Don Burt to third
|
Batting: RHB Chris Bohm
|
0-0: Foul Ball, location: 2F 0-1: Ball 1-1: Foul Ball, location: 2F 1-2: Foul Ball, location: 2F 1-2: Strikes out swinging
|
Batting: SHB Steve Salafia
|
0-0: Called Strike 0-1: Swinging Strike 0-2: Ball 1-2: Strikes out looking
|
Bottom of the 3rd over - 0 runs, 2 hits, 0 errors, 2 left on base; Victoria 3 - Oakland 0 |
TOP OF THE 4TH |
Victoria Capitals batting - Pitching for Oakland Oaks : RHP Victor Sanchez
|
Batting: RHB Eddie Luna
|
0-0: Foul Ball, location: 2F 0-1: Swinging Strike 0-2: Strikes out swinging
|
Batting: RHB Ziven Badersky
|
0-0: Ball 1-0: Ball 2-0: Called Strike 2-1: Ball 3-1: Called Strike 3-2: Base on Balls
|
Batting: RHB Joaquin Salazar
|
0-0: Fielders Choice at 2nd, 4-6 (Groundball, 4S, EV 83.8 MPH)
|
Batting: LHB Ryan Daniels
|
0-0: Called Strike Joaquin Salazar steals 2nd base 0-1: Ball 1-1: Swinging Strike 1-2: Foul Ball, location: 2F 1-2: Ball 2-2: Strikes out swinging
|
Top of the 4th over - 0 runs, 0 hits, 0 errors, 1 left on base; Victoria 3 - Oakland 0 |
BOTTOM OF THE 4TH |
Oakland Oaks batting - Pitching for Victoria Capitals : RHP Ron Skiles
|
Batting: RHB Chris Temple
|
0-0: Called Strike 0-1: Ball 1-1: Swinging Strike 1-2: Strikes out looking
|
Batting: LHB Felipe Gomez
|
0-0: Ball 1-0: Ball 2-0: Ball 3-0: Foul Ball, location: 2F 3-1: Swinging Strike 3-2: Fly out, F8 (Flyball, 8RXD, EV 93.8 MPH)
|
Batting: LHB Ed Talamantes
|
0-0: SINGLE (Flyball, 78S, EV 88.8 MPH)
|
Batting: LHB Marcus Pollard
|
0-0: Ball 1-0: Called Strike 1-1: Ball 2-1: Foul Ball, location: 2F 2-2: Ball 3-2: Base on Balls Ed Talamantes to second
|
Batting: RHB Don Burt
|
0-0: Ball 1-0: Ball 2-0: Ground out 1-3 (Groundball, 13S, EV 62.5 MPH)
|
Bottom of the 4th over - 0 runs, 1 hit, 0 errors, 2 left on base; Victoria 3 - Oakland 0 |
TOP OF THE 5TH |
Victoria Capitals batting - Pitching for Oakland Oaks : RHP Victor Sanchez
|
Batting: RHB Victor Ramirez
|
0-0: Swinging Strike 0-1: Ball 1-1: Fly out, F8 (Flyball, 8RM, EV 82.5 MPH)
|
Batting: LHB Jason Kinney
|
0-0: Called Strike 0-1: Ball 1-1: SINGLE (Line Drive, 34D, EV 99.4 MPH)
|
Batting: RHB Jose Zuniga
|
0-0: Ball 1-0: Foul Ball, location: 2F 1-1: Called Strike 1-2: Fly out, F9 (Flyball, 9LS, EV 89.4 MPH)
|
Batting: LHB William Gonzales
|
0-0: Called Strike 0-1: Foul Ball, location: 2F 0-2: Ball 1-2: Ball 2-2: Strikes out looking
|
Top of the 5th over - 0 runs, 1 hit, 0 errors, 1 left on base; Victoria 3 - Oakland 0 |
BOTTOM OF THE 5TH |
Oakland Oaks batting - Pitching for Victoria Capitals : RHP Ron Skiles
|
Batting: RHB Travis Robinson
|
0-0: Foul Ball, location: 2F 0-1: Ball 1-1: Ball 2-1: Foul Ball, location: 2F 2-2: Foul Ball, location: 2F 2-2: SINGLE (Line Drive, 34D, EV 105.0 MPH)
|
Batting: RHB Tim Anderson
|
0-0: Ball 1-0: Foul Ball, location: 2F 1-1: Ball 2-1: Ball 3-1: Foul Ball, location: 2F 3-2: Foul Ball, location: 2F 3-2: Foul Ball, location: 2F 3-2: Fly out, F9 (Flyball, 9, EV 90.0 MPH)
|
Pitching: RHP Mario Mata
|
|
Batting: RHB Chris Bohm
|
0-0: Foul Ball, location: 2F 0-1: Fly out, F8 (Flyball, 8LM, EV 83.1 MPH)
|
Batting: SHB Steve Salafia
|
0-0: Ball 1-0: Ball 2-0: Swinging Strike 2-1: Fielders Choice at 2nd, U4 (Groundball, 4M, EV 88.8 MPH)
|
Bottom of the 5th over - 0 runs, 1 hit, 0 errors, 1 left on base; Victoria 3 - Oakland 0 |
TOP OF THE 6TH |
Victoria Capitals batting - Pitching for Oakland Oaks : RHP Victor Sanchez
|
Pitching: RHP Nasser bin Ata
|
|
Batting: RHB Ricky Ramirez
|
0-0: Called Strike 0-1: Ball 1-1: Foul Ball, location: 2F 1-2: Ball 2-2: Ground out 6-3 (Groundball, 6, EV 89.4 MPH)
|
Batting: RHB Eddie Luna
|
0-0: Called Strike 0-1: Swinging Strike 0-2: Foul Ball, location: 2F 0-2: Foul Ball, location: 2F 0-2: Ball 1-2: Foul Ball, location: 2F 1-2: Fly out, F1 (Line Drive, P, EV 70.0 MPH)
|
Batting: RHB Ziven Badersky
|
0-0: Called Strike 0-1: Ball 1-1: Ball 2-1: Foul Ball, location: 2F 2-2: Ball 3-2: Foul Ball, location: 2F 3-2: Strikes out swinging
|
Top of the 6th over - 0 runs, 0 hits, 0 errors, 0 left on base; Victoria 3 - Oakland 0 |
BOTTOM OF THE 6TH |
Oakland Oaks batting - Pitching for Victoria Capitals : RHP Mario Mata
|
Batting: RHB Chris Temple
|
0-0: Ball 1-0: Ball 2-0: Ball 3-0: Base on Balls
|
Batting: LHB Felipe Gomez
|
0-0: Foul Ball, location: 2F 0-1: Foul Ball, location: 2F 0-2: Ball 1-2: Grounds into double play, 3-6-1 (Groundball, 3, EV 106.2 MPH)
|
Batting: LHB Ed Talamantes
|
0-0: Called Strike 0-1: Ball 1-1: Called Strike 1-2: Fly out, F8 (Flyball, 89M, EV 87.5 MPH)
|
Bottom of the 6th over - 0 runs, 0 hits, 0 errors, 0 left on base; Victoria 3 - Oakland 0 |
TOP OF THE 7TH |
Victoria Capitals batting - Pitching for Oakland Oaks : RHP Nasser bin Ata
|
Pitching: LHP Logan Stewart
|
|
Batting: RHB Joaquin Salazar
|
0-0: Ball 1-0: Ground out 6-3 (Groundball, 6, EV 104.4 MPH)
|
Batting: LHB Ryan Daniels
|
0-0: Ball 1-0: SINGLE (Groundball, 34D, EV 96.2 MPH)
|
Batting: RHB Victor Ramirez
|
0-0: 2-RUN HOME RUN (Flyball, 7LD, EV 91.2 MPH), Distance : 348 ft
|
Batting: LHB Jason Kinney
|
0-0: Ball 1-0: Called Strike 1-1: Swinging Strike 1-2: Foul Ball, location: 2F 1-2: Strikes out swinging
|
Batting: RHB Jose Zuniga
|
0-0: Foul Ball, location: 2F 0-1: Ground out 5-3 (Groundball, 56S, EV 65.6 MPH)
|
Top of the 7th over - 2 runs, 2 hits, 0 errors, 0 left on base; Victoria 5 - Oakland 0 |
BOTTOM OF THE 7TH |
Oakland Oaks batting - Pitching for Victoria Capitals : RHP Mario Mata
|
Batting: LHB Marcus Pollard
|
0-0: Ball 1-0: Called Strike 1-1: Called Strike 1-2: TRIPLE (Line Drive, 78XD, EV 104.4 MPH)
|
Batting: RHB Don Burt
|
0-0: Ground out 6-3 (Groundball, 6, EV 105.0 MPH) Marcus Pollard scores
|
Batting: RHB Travis Robinson
|
0-0: Called Strike 0-1: Ball 1-1: Ball 2-1: Swinging Strike 2-2: SINGLE (Line Drive, 5D, EV 103.1 MPH)
|
Batting: RHB Tim Anderson
|
0-0: Ball 1-0: Reached on error, E5 (Groundball, 56S, EV 83.8 MPH) Travis Robinson to second
|
Batting: RHB Chris Bohm
|
0-0: Ball 1-0: Grounds into double play, 6-4-3 (Groundball, 6D, EV 105.6 MPH)
|
Bottom of the 7th over - 1 run, 2 hits, 1 error, 1 left on base; Victoria 5 - Oakland 1 |
TOP OF THE 8TH |
Victoria Capitals batting - Pitching for Oakland Oaks : LHP Logan Stewart
|
Batting: LHB William Gonzales
|
0-0: Foul Ball, location: 2F 0-1: Ball 1-1: Foul Ball, location: 2F 1-2: Ground out 4-3 (Groundball, 4M, EV 91.9 MPH)
|
Batting: RHB Ricky Ramirez
|
0-0: Called Strike 0-1: Foul Ball, location: 2F 0-2: Strikes out swinging
|
Batting: RHB Eddie Luna
|
0-0: Called Strike 0-1: DOUBLE (Line Drive, 78D, EV 108.8 MPH)
|
Batting: RHB Ziven Badersky
|
0-0: SINGLE (Groundball, 56, EV 106.2 MPH) Eddie Luna to third Runner from 3rd tries for Home, SAFE, throw by LF to home
|
Pitching: RHP Juan Luna
|
|
Batting: RHB Joaquin Salazar
|
0-0: Called Strike 0-1: Ball 1-1: Foul Ball, location: 2F 1-2: Strikes out swinging
|
Top of the 8th over - 1 run, 2 hits, 0 errors, 1 left on base; Victoria 6 - Oakland 1 |
BOTTOM OF THE 8TH |
Oakland Oaks batting - Pitching for Victoria Capitals : RHP Mario Mata
|
Batting: SHB Steve Salafia
|
0-0: Called Strike 0-1: Called Strike 0-2: Ball 1-2: Ball 2-2: Ball 3-2: Foul Ball, location: 2F 3-2: Foul Ball, location: 2F 3-2: Fly out, F7 (Line Drive, 7D, EV 90.0 MPH)
|
Batting: RHB Chris Temple
|
0-0: Fly out, F8 (Line Drive, 8LD, EV 85.0 MPH)
|
Batting: LHB Felipe Gomez
|
0-0: Ball 1-0: Called Strike 1-1: Ball 2-1: Foul Ball, location: 2F 2-2: Fly out, F9 (Flyball, 89D, EV 95.6 MPH)
|
Bottom of the 8th over - 0 runs, 0 hits, 0 errors, 0 left on base; Victoria 6 - Oakland 1 |
TOP OF THE 9TH |
Victoria Capitals batting - Pitching for Oakland Oaks : RHP Juan Luna
|
Batting: LHB Ryan Daniels
|
0-0: Foul Ball, location: 2F 0-1: Ball 1-1: Foul Ball, location: 2F 1-2: Ground out 4-3 (Groundball, 4, EV 106.9 MPH)
|
Batting: RHB Victor Ramirez
|
0-0: Ball 1-0: Foul Ball, location: 2F 1-1: Ground out 6-3 (Groundball, 6MD, EV 100.6 MPH)
|
Batting: LHB Jason Kinney
|
0-0: SINGLE (Groundball, 6MD, EV 97.5 MPH)
|
Batting: RHB Jose Zuniga
|
0-0: Called Strike 0-1: Swinging Strike 0-2: Ball 1-2: Ball 2-2: Ball 3-2: Strikes out swinging
|
Top of the 9th over - 0 runs, 1 hit, 0 errors, 1 left on base; Victoria 6 - Oakland 1 |
BOTTOM OF THE 9TH |
Oakland Oaks batting - Pitching for Victoria Capitals : RHP Mario Mata
|
Pitching: RHP Yen-nien Luo
|
|
Batting: LHB Ed Talamantes
|
0-0: Foul Ball, location: 2F 0-1: Called Strike 0-2: Strikes out swinging
|
Batting: LHB Marcus Pollard
|
0-0: Swinging Strike 0-1: Foul Ball, location: 2F 0-2: Ball 1-2: Strikes out looking
|
Batting: RHB Don Burt
|
0-0: Foul Ball, location: 2F 0-1: Called Strike 0-2: Ball 1-2: Foul Ball, location: 2F 1-2: Ball 2-2: Strikes out looking
|
Bottom of the 9th over - 0 runs, 0 hits, 0 errors, 0 left on base; Victoria 6 - Oakland 1 |
|